 Dungeon Crawl Stone Soup version 0.31-a0-1178-gc5c9b8f871 (webtiles) character file.

Game seed: 17443141612120304858

3163 qw the Skirmisher (level 9, -9/59 HPs)
             Began as a Gargoyle Hunter on Dec 11, 2023.
             Killed by divine providence
             ... invoked by Jeremiah
              (13 damage)
             ... on level 7 of the Dungeon.
             The game lasted 00:03:11 (6343 turns).

qw the Skirmisher (Gargoyle Hunter)                 Turns: 6343, Time: 00:03:11

Health: -9/59      AC: 14    Str: 14    XL:     9   Next: 94%
Magic:  9/9        EV: 12    Int: 11    God:
Gold:   358        SH:  0    Dex: 17    Spells: 8/8 levels left

rFire   . . .        a - +2 shortbow (drain)
rCold   . . .        (shield currently unavailable)
rNeg    + . .        d - +0 ring mail {Will+}
rPois   inf          (no helmet)
rElec   +            g - +0 cloak
rCorr   .            f - +0 pair of gloves
SInv    .            (no boots)
Will    +....        (no amulet)
Stlth   +            (no ring)
HPRegen 0.29/turn    (no ring)
MPRegen 0.11/turn

%: no passive effects
@: no status effects
A: sickness immunity, AC +6, negative energy resistance 1, electricity
resistance, torment resistance 1, petrification resistance
a: no special abilities


You were on level 7 of the Dungeon.
You visited 1 branch of the dungeon, and saw 7 of its levels.

You collected 358 gold pieces.


Innate Abilities, Weirdness & Mutations

You are immune to sickness and miasma.
Your stone body is resilient. (AC +6)
You are immune to poison.
You resist negative energy. (rN+)
You are resistant to electric shocks. (rElec)
You are resistant to unholy torment.
You are immune to petrification.


   Skills:
 - Level 8.0 Fighting
 + Level 11.2 Ranged Weapons
 - Level 4.0 Armour
 - Level 3.0 Dodging
 - Level 1.1 Stealth


You had 8 spell levels left.
You didn't know any spells.
Your spell library was empty.

Inventory:

Hand Weapons
 a - a +2 shortbow of draining (weapon)
Armour
 d - a +0 ring mail of willpower (worn)
 f - a +0 pair of gloves (worn)
 g - a +0 cloak (worn)
Wands
 e - a wand of iceblast (4)
Potions
 b - 2 potions of enlightenment
 h - a potion of might
 k - a potion of cancellation
 l - a potion of mutation

Dungeon Overview and Level Annotations

Branches:
Dungeon (7/15)
 Temple: D:4-7

Altars:
Cheibriados
Wu Jian

Annotations:
D:7 Jeremiah


Message History

The butterfly disappears in a burst of colours!
The butterfly disappears in a burst of colours! x2
The butterfly disappears in a burst of colours! x3
The butterfly disappears in a burst of colours!
Enter note: The butterfly disappears in a burst of colours!
The butterfly disappears in a burst of colours! x2
The butterfly disappears in a burst of colours!
The butterfly disappears in a burst of colours! x3
Jeremiah hops!
You shoot an arrow. The arrow barely misses Jeremiah.
Jeremiah hits you but does no damage.
The butterfly disappears in a burst of colours! x2
Jeremiah hops!
The butterfly disappears in a burst of colours!
The butterfly disappears in a burst of colours!
The butterfly disappears in a burst of colours! x2
Enter note: You shoot an arrow.
The arrow hits the butterfly!
You kill the butterfly!
The butterfly disappears in a burst of colours!
Jeremiah seems less drained.
The butterfly disappears in a burst of colours! x2
The butterfly disappears in a burst of colours! x2
The butterfly disappears in a burst of colours!
Jeremiah cries, "Fearful master, protect me!"
Something smites you!
The butterfly disappears in a burst of colours! x2
The butterfly disappears in a burst of colours! x2
The butterfly disappears in a burst of colours!
You shoot an arrow.
The arrow hits Jeremiah but does no damage.
You drain Jeremiah.
Jeremiah is heavily wounded.
Jeremiah throws their arms up pleadingly.
Something smites you!
Jeremiah shouts, "O dreadful one, destroy my foe!"
Something smites you!
You die...
Jeremiah wails, "I didn't mean to kill anyone!
I'm not a murderer!"

######..........# .#
######.##bb###..#
###.##.b)...#
......bb.####
.....#bFb###### ##
.....#bbb...... .#
#.....#b.####### .#
#.....#..# .#
######b@##########.#.#
#b....#........b.b.#
+.....###.######%#.#
#...#....b# .#
########### b# b# b#
b# F#


You could see Jeremiah (drained).

Vanquished Creatures
  2 slime creatures (D:7)
  Pikel (D:5)
  Prince Ribbit (D:6)
  Eustachio (D:5)
  An ice beast (D:5)
  A centaur (D:6)
  2 phantoms (D:5)
  A bullfrog (D:7)
  2 scorpions (D:5)
  A howler monkey (D:5)
  5 hounds
  2 jellies
  4 orc priests
  A gnoll bouda (D:5)
  8 iguanas
  Natasha (twice) (D:3)
  Ijyb (D:4)
  4 orc wizards
  Terence (D:2)
  6 gnolls (D:5)
  8 adders
  A white imp (D:5)
  7 ufetubi
  2 worms
  3 dart slugs
  14 orcs
  12 ball pythons
  9 endoplasms
  2 giant cockroaches
  11 goblins
  4 hobgoblins
  4 jackals
  6 kobolds
  A quokka (D:1)
  4 bats
  2 frilled lizards
  A rat (D:1)
138 creatures vanquished.

Notes
Turn   | Place    | Note
-------+----------+-------------------------------------------
     0 | D:1      | qw the Gargoyle Hunter began the quest for the Orb.
     0 | D:1      | Reached XP level 1. HP: 12/12 MP: 1/1
     0 | D:1      | 0 ||| qw: Version: 0.3-a-106-g2cfff9e
     0 | D:1      | 0 ||| qw: Game counter: 1979
     0 | D:1      | 0 ||| qw: Melee chars always use a shield: true
     0 | D:1      | 0 ||| qw: God list: Okawaru
     0 | D:1      | 0 ||| qw: Allow faded altars: false
     0 | D:1      | 0 ||| qw: Do Orc after clearing Dungeon:15 true
     0 | D:1      | 0 ||| qw: Do second Lair branch before Depths: true
     0 | D:1      | 0 ||| qw: Lair rune preference: random
     0 | D:1      | 0 ||| qw: Goals: Normal, Save, Zot:1-4, Win
     0 | D:1      | 0 ||| PLANNING D:1-11
   118 | D:1      | Reached XP level 2. HP: 15/17 MP: 2/2
   351 | D:1      | Reached XP level 3. HP: 14/21 MP: 3/3
   514 | D:1      | Reached skill level 5 in Ranged Weapons
   569 | D:1      | You fall into a shaft and drop 1 floor!
   583 | D:2      | Identified the +4 mace of Gallantry {freeze, rF+ Will+}
   585 | D:2      | 585 ||| UPGRADING to +0 ring mail.
   595 | D:2      | 595 ||| DROPPING +0 leather armour.
   596 | D:2      | 596 ||| DROPPING ring of wizardry.
   597 | D:2      | 597 ||| READING scroll labelled BUAWIT ONARUL.
   605 | D:2      | 605 ||| READING scroll labelled APAGOA ZOAF.
   606 | D:2      | 606 ||| READING scroll labelled SOFUKE SIRAUP.
   606 | D:2      | 606 ||| IDENTIFYING fuming clear potion
   607 | D:2      | 607 ||| READING scroll labelled RUCYHOISAKH.
   608 | D:2      | 608 ||| DROPPING scroll of butterflies.
   609 | D:2      | 609 ||| Stepping randomly (stuck).
   610 | D:2      | 610 ||| Stepping randomly (stuck).
   611 | D:2      | 611 ||| Stepping randomly (stuck).
   612 | D:2      | 612 ||| Stepping randomly (stuck).
   613 | D:2      | 613 ||| Stepping randomly (stuck).
   614 | D:2      | 614 ||| Stepping randomly (stuck).
   615 | D:2      | 615 ||| Stepping randomly (stuck).
   616 | D:2      | 616 ||| Stepping randomly (stuck).
   617 | D:2      | 617 ||| Stepping randomly (stuck).
   618 | D:2      | 618 ||| Stepping randomly (stuck).
   619 | D:2      | 619 ||| Stepping randomly (stuck).
   620 | D:2      | 620 ||| Stepping randomly (stuck).
   621 | D:2      | 621 ||| Stepping randomly (stuck).
   622 | D:2      | 622 ||| Stepping randomly (stuck).
   623 | D:2      | 623 ||| Stepping randomly (stuck).
   624 | D:2      | 624 ||| Stepping randomly (stuck).
   625 | D:2      | 625 ||| Stepping randomly (stuck).
   626 | D:2      | 626 ||| Stepping randomly (stuck).
   627 | D:2      | 627 ||| Stepping randomly (stuck).
   628 | D:2      | 628 ||| Stepping randomly (stuck).
   629 | D:2      | 629 ||| Stepping randomly (stuck).
   630 | D:2      | 630 ||| Stepping randomly (stuck).
   631 | D:2      | 631 ||| Stepping randomly (stuck).
   632 | D:2      | 632 ||| Stepping randomly (stuck).
   633 | D:2      | 633 ||| Stepping randomly (stuck).
   634 | D:2      | 634 ||| Stepping randomly (stuck).
   635 | D:2      | 635 ||| Stepping randomly (stuck).
   636 | D:2      | 636 ||| Stepping randomly (stuck).
   637 | D:2      | 637 ||| Stepping randomly (stuck).
   638 | D:2      | 638 ||| Stepping randomly (stuck).
   639 | D:2      | 639 ||| Stepping randomly (stuck).
   640 | D:2      | 640 ||| Stepping randomly (stuck).
   641 | D:2      | 641 ||| Stepping randomly (stuck).
   642 | D:2      | 642 ||| Stepping randomly (stuck).
   643 | D:2      | 643 ||| Stepping randomly (stuck).
   644 | D:2      | 644 ||| Stepping randomly (stuck).
   645 | D:2      | 645 ||| Stepping randomly (stuck).
   646 | D:2      | 646 ||| Stepping randomly (stuck).
   647 | D:2      | 647 ||| Stepping randomly (stuck).
   648 | D:2      | 648 ||| Stepping randomly (stuck).
   649 | D:2      | 649 ||| Stepping randomly (stuck).
   650 | D:2      | 650 ||| Stepping randomly (stuck).
   651 | D:2      | 651 ||| Stepping randomly (stuck).
   652 | D:2      | 652 ||| Stepping randomly (stuck).
   653 | D:2      | 653 ||| Stepping randomly (stuck).
   654 | D:2      | 654 ||| Stepping randomly (stuck).
   655 | D:2      | 655 ||| Stepping randomly (stuck).
   656 | D:2      | 656 ||| Stepping randomly (stuck).
   657 | D:2      | 657 ||| Stepping randomly (stuck).
   658 | D:2      | 658 ||| Stepping randomly (stuck).
   659 | D:2      | 659 ||| Stepping randomly (stuck).
   660 | D:2      | 660 ||| Stepping randomly (stuck).
   661 | D:2      | 661 ||| Stepping randomly (stuck).
   662 | D:2      | 662 ||| Stepping randomly (stuck).
   663 | D:2      | 663 ||| Stepping randomly (stuck).
   664 | D:2      | 664 ||| Stepping randomly (stuck).
   665 | D:2      | 665 ||| Stepping randomly (stuck).
   666 | D:2      | 666 ||| Stepping randomly (stuck).
   667 | D:2      | 667 ||| Stepping randomly (stuck).
   668 | D:2      | 668 ||| Stepping randomly (stuck).
   669 | D:2      | 669 ||| Stepping randomly (stuck).
   670 | D:2      | 670 ||| Stepping randomly (stuck).
   671 | D:2      | 671 ||| Stepping randomly (stuck).
   672 | D:2      | 672 ||| Stepping randomly (stuck).
   673 | D:2      | 673 ||| Stepping randomly (stuck).
   674 | D:2      | 674 ||| Stepping randomly (stuck).
   675 | D:2      | 675 ||| Stepping randomly (stuck).
   676 | D:2      | 676 ||| Stepping randomly (stuck).
   677 | D:2      | 677 ||| Stepping randomly (stuck).
   678 | D:2      | 678 ||| Stepping randomly (stuck).
   679 | D:2      | 679 ||| Stepping randomly (stuck).
   680 | D:2      | 680 ||| Stepping randomly (stuck).
   696 | D:2      | 696 ||| FLEEEEING.
   697 | D:2      | 697 ||| STAIRDANCE
  1012 | D:2      | Reached skill level 1 in Armour
  1040 | D:2      | Noticed Terence
  1045 | D:2      | Killed Terence
  1046 | D:2      | Reached skill level 3 in Fighting
  1046 | D:2      | Reached XP level 4. HP: 28/28 MP: 4/4
  1598 | D:2      | 1598 ||| READING scroll of identify.
  1598 | D:2      | 1598 ||| IDENTIFYING red potion
  1599 | D:2      | 1599 ||| READING scroll labelled VEBIQUSOCYQ.
  1600 | D:2      | 1600 ||| READING scroll labelled QEK YRRYABB.
  1601 | D:2      | 1601 ||| READING scroll labelled RAKLIP KUNIMES.
  1601 | D:2      | 1601 ||| ENCHANTING +0 shortbow.
  1602 | D:2      | 1602 ||| DRINKING 2 puce potions.
  1603 | D:2      | 1603 ||| DROPPING potion of degeneration.
  1767 | D:3      | Reached XP level 5. HP: 32/32 MP: 5/5
  1833 | D:3      | 1833 ||| FLEEEEING.
  1880 | D:3      | Noticed Natasha
  1881 | D:3      | 1881 ||| FLEEEEING.
  1885 | D:3      | 1885 ||| FLEEEEING.
  1886 | D:3      | 1886 ||| FLEEEEING.
  1894 | D:3      | Killed Natasha
  1971 | D:3      | Noticed Natasha
  1978 | D:3      | Killed Natasha
  1979 | D:3      | Reached skill level 6 in Ranged Weapons
  2294 | D:3      | 2294 ||| DRINKING glowing pink potion.
  2295 | D:3      | 2295 ||| DRINKING orange potion.
  2296 | D:3      | 2296 ||| DRINKING lumpy blue potion.
  2309 | D:3      | Reached XP level 6. HP: 28/38 MP: 6/6
  2641 | D:3      | 2641 ||| UPGRADING to +0 pair of gloves.
  2646 | D:3      | 2646 ||| UPGRADING to +0 cloak.
  2651 | D:3      | 2651 ||| READING scroll of identify.
  2651 | D:3      | 2651 ||| IDENTIFYING sapphire potion
  2652 | D:3      | 2652 ||| READING scroll labelled BUPSAO OLLOMUN.
  2814 | D:4      | Noticed Ijyb
  2819 | D:4      | Killed Ijyb
  3584 | D:4      | Found a snail-covered altar of Cheibriados.
  3795 | D:4      | 3795 ||| READING scroll of identify.
  3795 | D:4      | 3795 ||| IDENTIFYING scroll labelled ECSA UVISE
  3796 | D:4      | 3796 ||| READING scroll of brand weapon.
  3796 | D:4      | 3796 ||| BRANDING +1 shortbow.
  3818 | D:5      | Entered Level 5 of the Dungeon
  3818 | D:5      | Noticed an ice beast
  3827 | D:5      | Reached skill level 7 in Ranged Weapons
  3832 | D:5      | Killed an ice beast
  3833 | D:5      | Reached XP level 7. HP: 43/43 MP: 7/7
  3982 | D:5      | 3982 ||| Stepping ~*~*~tactically~*~*~ (retreating).
  3983 | D:5      | 3983 ||| Stepping ~*~*~tactically~*~*~ (retreating).
  3984 | D:5      | 3984 ||| Stepping ~*~*~tactically~*~*~ (retreating).
  3985 | D:5      | 3985 ||| Stepping ~*~*~tactically~*~*~ (retreating).
  3986 | D:5      | 3986 ||| Stepping ~*~*~tactically~*~*~ (retreating).
  3987 | D:5      | 3987 ||| Stepping ~*~*~tactically~*~*~ (retreating).
  3989 | D:5      | Reached skill level 8 in Ranged Weapons
  3995 | D:5      | Reached XP level 8. HP: 17/49 MP: 8/8
  4194 | D:5      | Noticed Eustachio
  4219 | D:5      | Killed Eustachio
  4220 | D:5      | Reached skill level 9 in Ranged Weapons
  4269 | D:5      | 4269 ||| Stepping ~*~*~tactically~*~*~ (retreating).
  4270 | D:5      | 4270 ||| Stepping ~*~*~tactically~*~*~ (retreating).
  4271 | D:5      | 4271 ||| Stepping ~*~*~tactically~*~*~ (retreating).
  4279 | D:5      | HP: 8/49 [gnoll/+0 club[a gnoll bouda] (6)]
  4280 | D:5      | 4280 ||| READING scroll of teleportation.
  4541 | D:5      | 4541 ||| READING scroll of enchant weapon.
  4541 | D:5      | 4541 ||| ENCHANTING +1 shortbow of draining.
  4552 | D:5      | Noticed Pikel
  4555 | D:5      | 4555 ||| Stepping ~*~*~tactically~*~*~ (retreating).
  4556 | D:5      | 4556 ||| Stepping ~*~*~tactically~*~*~ (retreating).
  4558 | D:5      | 4558 ||| Stepping ~*~*~tactically~*~*~ (retreating).
  4560 | D:5      | 4560 ||| Stepping ~*~*~tactically~*~*~ (retreating).
  4561 | D:5      | 4561 ||| Stepping ~*~*~tactically~*~*~ (retreating).
  4563 | D:5      | 4563 ||| Stepping ~*~*~tactically~*~*~ (retreating).
  4570 | D:5      | Killed Pikel
  4571 | D:5      | Reached XP level 9. HP: 57/59 MP: 9/9
  4693 | D:5      | 4693 ||| READING scroll labelled YDEOPY UNOUC.
  4694 | D:5      | 4694 ||| DROPPING wand of flame (7).
  5081 | D:6      | 5081 ||| DRINKING potion of curing.
  5081 | D:6      | 5081 ||| (to cure confusion)
  5441 | D:6      | Reached skill level 10 in Ranged Weapons
  5444 | D:6      | Noticed Prince Ribbit
  5447 | D:6      | Found an ornate altar of the Wu Jian Council.
  5451 | D:6      | Killed Prince Ribbit
  5728 | D:6      | 5728 ||| UPGRADING to +0 ring mail of willpower.
  5738 | D:6      | 5738 ||| DROPPING +0 ring mail.
  5739 | D:6      | 5739 ||| READING 2 scrolls of identify.
  5739 | D:6      | 5739 ||| IDENTIFYING amethyst potion
  5740 | D:6      | 5740 ||| READING scroll of identify.
  5740 | D:6      | 5740 ||| IDENTIFYING white potion
  5775 | D:7      | 5775 ||| Stepping ~*~*~tactically~*~*~ (retreating).
  5777 | D:7      | 5777 ||| Stepping ~*~*~tactically~*~*~ (retreating).
  5778 | D:7      | 5778 ||| FLEEEEING.
  5779 | D:7      | 5779 ||| FLEEEEING.
  5782 | D:7      | 5782 ||| STAIRDANCE
  5887 | D:7      | HP: 8/59 [large slime creature (10)]
  5888 | D:7      | 5888 ||| DRINKING potion of heal wounds.
  5898 | D:7      | HP: 9/59 [enormous slime creature (6)]
  5909 | D:7      | Killed an enormous slime creature
  5910 | D:7      | Reached skill level 11 in Ranged Weapons
  6199 | D:7      | Reached skill level 3 in Dodging
  6236 | D:7      | Noticed Jeremiah
  6252 | D:7      | 6252 ||| FLEEEEING.
  6335 | D:7      | HP: 13/59 [Jeremiah/divine providence (12)]
  6340 | D:7      | HP: 3/59 [Jeremiah/divine providence (11)]
  6343 | D:7      | Killed from afar by Jeremiah

Levels and vault maps discovered:
D:1:      heliophobic_arrival_glass_houses, layout_loops_ring,
          grunt_decor_one_mirror
D:2:      layout_loops_cross, kennysheep_generic_room_5, uniq_terence
D:3:      layout_basic, uniq_natasha
D:4:      layout_basic, kennysheep_slug_shrine, hangedman_abyss_or_decor_stabs,
          uniq_ijyb
D:5:      layout_cave_pools, serial_park, serial_park_square3
          [serial_park_minivault_5x5_1], serial_park_tiny_2, serial_park_tiny_2,
          serial_park_square3 [serial_park_minivault_5x5_4],
          serial_park_tiny_pond, uniq_eustachio, uniq_pikel
D:6:      layout_layer_cave, lemuel_crystal_altar, dreamdust_princess_corridor,
          uniq_prince_ribbit1
D:7:      layout_basic, minmay_temple_entry_hall, uniq_jeremiah

Skill      XL: |  1  2  3  4  5  6  7  8  9 |
---------------+----------------------------+-----
Ranged Weapons | 5 6 7 8 9 11 | 11.2
Armour         | 1 2 4 |  4.0
Fighting       | 3 4 5 7 8 |  8.0
Dodging        | 2 3 |  3.0
Stealth        | |  1.1

Action                     |  1- 3 |  4- 6 |  7- 9 || total
---------------------------+-------+-------+-------++-------
   Fire: Shortbow          |   120 |   193 |   330 ||   643
    Use: Scroll            |     4 |     8 |     5 ||    17
         Potion            |       |     4 |     2 ||     6
 Armour: Leather armour    |    18 |       |       ||    18
         Ring mail         |     6 |    89 |   178 ||   273
  Dodge: Dodged            |    31 |    63 |   169 ||   263

Table legend:
 A = Non-vault XP
 B = Vault XP
 C = Vault XP percentage of total XP
 D = Non-vault monster count
 E = Vault monster count
 F = Vault count percentage of total count
                 A         B        C        D         E       F
            +---------+---------+-------+---------+---------+-------
      Total |    3069 |    1450 |  32.1 |     123 |      15 |  10.9
            +---------+---------+-------+---------+---------+-------
        D:1 |      51 |       0 |   0.0 |      28 |       0 |   0.0
        D:2 |      47 |      36 |  43.4 |      14 |       3 |  17.6
        D:3 |     159 |      36 |  18.5 |      17 |       1 |   5.6
        D:4 |     107 |      39 |  26.7 |      16 |       2 |  11.1
        D:5 |     840 |    1075 |  56.1 |      23 |       8 |  25.8
        D:6 |     563 |     264 |  31.9 |      17 |       1 |   5.6
        D:7 |    1302 |       0 |   0.0 |       8 |       0 |   0.0
            +---------+---------+-------+---------+---------+-------
